 Dungeon Crawl Stone Soup version 0.30.1-9-gdf580d7c3d (webtiles) character file.

Game seed: 7884179948874724625

44 leafyfresh the Covert (level 3, 0/35 HPs)
             Began as a Gnoll Delver on Oct 25, 2023.
             Succumbed to an adder's poison
             ... on level 5 of the Dungeon.
             The game lasted 00:00:28 (125 turns).

leafyfresh the Covert (Gnoll Delver)                 Turns: 125, Time: 00:00:28

Health: 0/35       AC:  3    Str: 11    XL:     3   Next: 62%
Magic:  3/4        EV: 13    Int: 11    God:
Gold:   0          SH:  0    Dex: 13    Spells: 3/3 levels left

rFire   . . .        a - +0 short sword
rCold   . . .        (no shield)
rNeg    . . .        b - +0 leather armour
rPois   .            (no helmet)
rElec   .            (no cloak)
rCorr   .            (no gloves)
SInv    .            (no boots)
Will    .....        (no amulet)
Stlth   ++++         (no ring)
HPRegen 0.25/turn    (no ring)
MPRegen 0.09/turn

%: no passive effects
@: lethally poisoned (0 -> -1)
A: fangs 1, strong nose, distributed training
a: no special abilities


You were on level 5 of the Dungeon.
You visited 1 branch of the dungeon, and saw 1 of its levels.

Inventory:

Hand Weapons
 a - a +0 short sword (weapon)
Armour
 b - a +0 leather armour (worn)
Wands
 g - a wand of digging (3)
Scrolls
 c - a scroll of fog
 d - a scroll of magic mapping
 e - a scroll of fear
Potions
 f - a potion of haste


   Skills:
 + Level 6.5 Fighting
 + Level 4.5 Short Blades
 + Level 0.9 Long Blades
 + Level 0.9 Axes
 + Level 0.9 Maces & Flails
 + Level 0.9 Polearms
 + Level 0.9 Staves
 + Level 0.9 Ranged Weapons
 + Level 0.9 Throwing
 + Level 0.9 Armour
 + Level 4.5 Dodging
 + Level 9.6 Stealth
 + Level 0.9 Shields
 + Level 0.9 Unarmed Combat
 + Level 0.9 Spellcasting
 + Level 0.6 Conjurations
 + Level 0.6 Hexes
 + Level 0.6 Summonings
 + Level 0.6 Necromancy
 + Level 0.6 Translocations
 + Level 0.6 Transmutations
 + Level 0.6 Fire Magic
 + Level 0.6 Ice Magic
 + Level 0.6 Air Magic
 + Level 0.6 Earth Magic
 + Level 0.6 Poison Magic
 + Level 1.0 Invocations
 + Level 0.9 Evocations


You had 3 spell levels left.
You didn't know any spells.
Your spell library was empty.

Dungeon Overview and Level Annotations

Branches:
Dungeon (5/15)
 Temple: D:4-7

Altars:


Innate Abilities, Weirdness & Mutations

You have very sharp teeth.
Your uncanny sense of smell can sniff out nearby items.
Your experience applies equally to all skills.


Message History

The adder is severely wounded.
The adder barely misses you.
You hit the adder.
The adder is severely wounded.
The adder bites you.
* * * LOW HITPOINT WARNING * * *
You closely miss the adder. Your bite misses the adder.
The adder is severely wounded.
The adder closely misses you.
You hit the adder. Your bite misses the adder.
The adder is almost dead.
The adder bites you.
* * * LOW HITPOINT WARNING * * *
You closely miss the adder.
The adder is almost dead.
The adder barely misses you.
You barely miss the adder.
The adder is almost dead.
The adder bites you.
* * * LOW HITPOINT WARNING * * *
You are lethally poisoned!
The adder poisons you!
You hit the adder.
You kill the adder!
* * * LOW HITPOINT WARNING * * *
You feel sick.
* * * LOW HITPOINT WARNING * * *
You feel sick.
* * * LOW HITPOINT WARNING * * *
You feel sick.
There is a lethal amount of poison in your body!
There is a lethal amount of poison in your body!
There is a lethal amount of poison in your body!
There is a lethal amount of poison in your body!
There is a lethal amount of poison in your body!
* * * LOW HITPOINT WARNING * * *
You feel sick.
* * * LOW HITPOINT WARNING * * *
You feel sick.
You die...

##. ###.### #####..
##.....# #...#..
#......#### #......
###.........# #..#...
##......#....## #..##..
##......##.....# #..##..
#...........#.######..##..
.........@..#..†.#.#..##..
...........)..............
...........#.#............
...........#.##...........
..#........#.##.......##.#
. #........#.##...........
###........#............
#.....#.#......<....##.
##....##.............#.


There were no monsters in sight!

Vanquished Creatures
  A hound (D:5)
  An adder (D:5)
  An ufetubus (D:5)
  An orc (D:5)
4 creatures vanquished.

Notes
Turn   | Place    | Note
-------+----------+-------------------------------------------
     0 | D:5      | Reached skill level 9 in Stealth
     0 | D:5      | leafyfresh the Gnoll Delver began the quest for the Orb.
     0 | D:5      | Reached XP level 1. HP: 23/23 MP: 1/1
    85 | D:5      | Noticed a hound
    90 | D:5      | Killed a hound
    91 | D:5      | Reached skill level 1 in Invocations
    91 | D:5      | Reached XP level 2. HP: 29/29 MP: 1/3
    91 | D:5      | Reached XP level 3. HP: 35/35 MP: 1/4
   123 | D:5      | HP: 1/35 [poisoned by an adder]
   125 | D:5      | Succumbed to an adder's poison

Illustrated notes

Levels and vault maps discovered:
D:5:      layout_cave_pools, mainiacjoe_overflow_alcove_1

Skill      XL: |  1 |
---------------+----+-----
Stealth        | |  9.6
Invocations    | 1 |  1.0
Fighting       | |  6.5
Short Blades   | |  4.5
Long Blades    | |  0.9
Axes           | |  0.9
Maces & Flails | |  0.9
Polearms       | |  0.9
Staves         | |  0.9
Ranged Weapons | |  0.9
Throwing       | |  0.9
Armour         | |  0.9
Dodging        | |  4.5
Shields        | |  0.9
Unarmed Combat | |  0.9
Spellcasting   | |  0.9
Conjurations   | |  0.6
Hexes          | |  0.6
Summonings     | |  0.6
Necromancy     | |  0.6
Translocations | |  0.6
Transmutations | |  0.6
Fire Magic     | |  0.6
Ice Magic      | |  0.6
Air Magic      | |  0.6
Earth Magic    | |  0.6
Poison Magic   | |  0.6
Evocations     | |  0.9

Action                     || total
---------------------------++-------
  Melee: Short sword       ||    29
         Bite              ||     3
   Stab: Sleeping          ||     1
 Armour: Leather armour    ||     5
  Dodge: Dodged            ||    20
